 Dungeon Crawl Stone Soup version 0.31-a0-175-g9f7f995f2b (webtiles) character file.

Game seed: 6908793931462085388

355 qw the Shooter (level 6, -8/57 HPs)
             Began as a Naga Hunter on June 16, 2023.
             Mangled by an iguana (12 damage)
             ... on level 4 of the Dungeon.
             The game lasted 00:01:05 (3141 turns).

qw the Shooter (Naga Hunter)                        Turns: 3141, Time: 00:01:06

Health: -8/57      AC:  3    Str: 19    XL:     6   Next: 63%
Magic:  6/6        EV:  9    Int: 10    God:
Gold:   173        SH:  0    Dex: 16    Spells: 5/5 levels left

rFire   . . .        Y - +2 shortbow
rCold   . . .        (shield currently unavailable)
rNeg    . . .        c - +0 leather armour
rPois   +            (no helmet)
rElec   .            (no cloak)
rCorr   .            (no gloves)
SInv    +            (no barding)
Will    .....        (no amulet)
Stlth   ++           j - +6 ring of strength
HPRegen 0.29/turn    (no ring)
MPRegen 0.10/turn

%: no passive effects
@: very slow
A: AC +2, large, see invisible, deformed body, poison resistance, slowness 2,
spit poison 1, naga tail 1
a: Spit Poison


You were on level 4 of the Dungeon.
You visited 1 branch of the dungeon, and saw 5 of its levels.

You collected 173 gold pieces.


Innate Abilities, Weirdness & Mutations

Your serpentine skin is tough. (AC +2)
You have supernaturally acute eyesight. (SInv)
Armour fits poorly on your strangely shaped body.
Your system is resistant to poisons. (rPois)
You cover ground very slowly.
You can spit poison.
You have a snake-like lower body.


   Skills:
 - Level 4.1 Fighting
 - Level 6.1 Ranged Weapons
 + Level 1.5 Dodging
 - Level 1.5 Stealth


You had 5 spell levels left.
You didn't know any spells.
Your spell library was empty.

Inventory:

Hand Weapons
 Y - a +2 shortbow (weapon)
Armour
 c - a +0 leather armour (worn)
Jewellery
 j - a +6 ring of strength (left hand)
Potions
 a - a potion of mutation {unknown}
 e - a potion of resistance {unknown}
 f - a potion of enlightenment {unknown}

Dungeon Overview and Level Annotations

Branches:
Dungeon (5/15)
 Temple: D:4-7

Altars:
Uskayaw
Vehumet
Xom

Shops:
D:5 *


Message History

The hound bites you. The iguana bites you. The sleepcap releases spores at you.
You climb upwards.
There is a stone staircase leading down here.
Enter note:
Enter note:
Enter note:
Enter note:
Enter note:
Enter note:
Enter note:
Enter note:
Enter note:
Enter note:
Enter note:
Enter note:
Enter note:
Enter note:
Enter note:
3138 ||| INVOKING Spit Poison.
Aiming: Spit Poison (1% risk of failure)
Press: ? - help, Shift-Dir - straight line, f - hound The splash of poison hits the hound!
The hound is severely wounded.
The hound misses you. The hound bites you. The iguana bites you.
The sleepcap releases spores at you!
You shoot an arrow. The arrow hits the sleepcap!
The sleepcap is almost destroyed.
The hound barely misses you. The sleepcap releases spores at you.
You are engulfed in a cloud of soporific spores!
You fall asleep.
The iguana bites you but does no damage.
The hound bites you.
You wake up.
You shoot an arrow. The arrow hits the sleepcap.
You destroy the sleepcap!
The hound barely misses you. The iguana closely misses you.
Your Fighting skill increases to level 4!
You shoot an arrow. The arrow closely misses the hound.
You have got your breath back.
The hound bites you. The iguana bites you!
You die...

...#####............###.......###
.....##..........:......######..#
..##..................### ##..
..####................## ##. ..#
#.................# ##. .##
#................## ##.. ##
#...............## ##... #
#.........l....## #....
#..........@..## #....
#.........h..## #....
############## ###.< ### #


You could see an iguana and a hound.

Vanquished Creatures
  A scorpion (D:5)
  2 hounds (D:4)
  A jelly (D:4)
  A sleepcap (D:4)
  An orc wizard (D:3)
  7 adders
  An ufetubus (D:4)
  2 dart slugs
  10 orcs
  6 ball pythons
  3 bats
  5 endoplasms
  6 giant cockroaches
  4 hobgoblins
  4 jackals (D:4)
  3 kobolds
  6 quokkas
  5 frilled lizards
  7 goblins
  8 rats
83 creatures vanquished.

Notes
Turn   | Place    | Note
-------+----------+-------------------------------------------
     0 | D:1      | qw the Naga Hunter began the quest for the Orb.
     0 | D:1      | Reached XP level 1. HP: 19/19 MP: 1/1
     0 | D:1      | 0 ||| qw: Version: 0.2-a-29-g511e9b1
     0 | D:1      | 0 ||| qw: Game counter: 5777
     0 | D:1      | 0 ||| qw: Always use a shield: true
     0 | D:1      | 0 ||| qw: God list: Okawaru
     0 | D:1      | 0 ||| qw: Allow faded altars: false
     0 | D:1      | 0 ||| qw: Do Orc after D:15 true
     0 | D:1      | 0 ||| qw: Do second Lair branch before Depths: true
     0 | D:1      | 0 ||| qw: Lair rune preference: random
     0 | D:1      | 0 ||| qw: Plans: Normal
     0 | D:1      | 0 ||| PLANNING D:1-11
    60 | D:1      | 60 ||| INVOKING Spit Poison.
    95 | D:1      | 95 ||| INVOKING Spit Poison.
   131 | D:1      | 131 ||| INVOKING Spit Poison.
   133 | D:1      | Reached skill level 4 in Ranged Weapons
   133 | D:1      | Reached XP level 2. HP: 26/26 MP: 2/2
   162 | D:1      | 162 ||| INVOKING Spit Poison.
   206 | D:1      | 206 ||| INVOKING Spit Poison.
   212 | D:1      | 212 ||| INVOKING Spit Poison.
   238 | D:1      | 238 ||| INVOKING Spit Poison.
   253 | D:1      | 253 ||| INVOKING Spit Poison.
   271 | D:1      | 271 ||| INVOKING Spit Poison.
   313 | D:1      | 313 ||| INVOKING Spit Poison.
   358 | D:1      | 358 ||| INVOKING Spit Poison.
   426 | D:1      | 426 ||| INVOKING Spit Poison.
   429 | D:1      | 429 ||| INVOKING Spit Poison.
   430 | D:1      | Reached XP level 3. HP: 32/32 MP: 3/3
   593 | D:1      | 593 ||| INVOKING Spit Poison.
   599 | D:1      | 599 ||| INVOKING Spit Poison.
   629 | D:1      | 629 ||| DROPPING scroll of butterflies.
   723 | D:2      | 723 ||| INVOKING Spit Poison.
   726 | D:2      | 726 ||| INVOKING Spit Poison.
   730 | D:2      | 730 ||| INVOKING Spit Poison.
   840 | D:2      | 840 ||| INVOKING Spit Poison.
   884 | D:2      | 884 ||| INVOKING Spit Poison.
   913 | D:2      | 913 ||| INVOKING Spit Poison.
   919 | D:2      | 919 ||| INVOKING Spit Poison.
   930 | D:2      | 930 ||| INVOKING Spit Poison.
   934 | D:2      | 934 ||| INVOKING Spit Poison.
  1000 | D:2      | 1000 ||| INVOKING Spit Poison.
  1001 | D:2      | Reached skill level 5 in Ranged Weapons
  1001 | D:2      | Reached XP level 4. HP: 39/39 MP: 4/4
  1027 | D:2      | 1027 ||| INVOKING Spit Poison.
  1089 | D:2      | 1089 ||| INVOKING Spit Poison.
  1155 | D:2      | 1155 ||| INVOKING Spit Poison.
  1192 | D:2      | 1192 ||| INVOKING Spit Poison.
  1335 | D:2      | 1335 ||| INVOKING Spit Poison.
  1360 | D:2      | 1360 ||| READING scroll labelled XOISHI MARA.
  1361 | D:2      | 1361 ||| READING scroll labelled DESKIDEF PUSU.
  1362 | D:2      | 1362 ||| READING scroll labelled KAKHAF VOEL.
  1377 | D:3      | 1377 ||| INVOKING Spit Poison.
  1428 | D:3      | 1428 ||| INVOKING Spit Poison.
  1517 | D:3      | 1517 ||| INVOKING Spit Poison.
  1549 | D:3      | Identified the ring of Kimm {*Slow rElec MP+9 Int+2}
  1574 | D:3      | 1574 ||| INVOKING Spit Poison.
  1586 | D:3      | 1586 ||| INVOKING Spit Poison.
  1592 | D:3      | 1592 ||| INVOKING Spit Poison.
  1598 | D:3      | 1598 ||| INVOKING Spit Poison.
  1601 | D:3      | 1601 ||| INVOKING Spit Poison.
  1605 | D:3      | 1605 ||| INVOKING Spit Poison.
  1608 | D:3      | 1608 ||| INVOKING Spit Poison.
  1612 | D:3      | Reached skill level 3 in Fighting
  1732 | D:3      | 1732 ||| INVOKING Spit Poison.
  1733 | D:3      | Reached XP level 5. HP: 49/49 MP: 5/5
  1742 | D:3      | Found a faded altar of an unknown god.
  1743 | D:3      | 1743 ||| INVOKING Spit Poison.
  1868 | D:3      | 1868 ||| INVOKING Spit Poison.
  1995 | D:3      | Found a radiant altar of Vehumet.
  1997 | D:3      | Found a shimmering altar of Xom.
  2000 | D:3      | Found a hide-covered altar of Uskayaw.
  2154 | D:3      | 2154 ||| DROPPING ring of Kimm {*Slow rElec MP+9 Int+2}.
  2155 | D:3      | 2155 ||| READING scroll labelled HEENTA CUINYSK.
  2167 | D:4      | 2167 ||| INVOKING Spit Poison.
  2170 | D:4      | 2170 ||| INVOKING Spit Poison.
  2173 | D:4      | 2173 ||| INVOKING Spit Poison.
  2175 | D:4      | 2175 ||| STAIRDANCE
  2204 | D:4      | 2204 ||| INVOKING Spit Poison.
  2210 | D:4      | 2210 ||| STAIRDANCE
  2212 | D:3      | 2212 ||| INVOKING Spit Poison.
  2278 | D:4      | 2278 ||| INVOKING Spit Poison.
  2284 | D:4      | 2284 ||| INVOKING Spit Poison.
  2300 | D:4      | 2300 ||| READING scroll of enchant weapon.
  2300 | D:4      | 2300 ||| ENCHANTING +1 shortbow.
  2312 | D:4      | 2312 ||| INVOKING Spit Poison.
  2353 | D:4      | 2353 ||| INVOKING Spit Poison.
  2377 | D:4      | 2377 ||| INVOKING Spit Poison.
  2400 | D:4      | 2400 ||| INVOKING Spit Poison.
  2485 | D:4      | 2485 ||| INVOKING Spit Poison.
  2487 | D:4      | Reached XP level 6. HP: 56/56 MP: 6/6
  2663 | D:4      | 2663 ||| INVOKING Spit Poison.
  2672 | D:4      | Reached skill level 6 in Ranged Weapons
  2697 | D:4      | 2697 ||| INVOKING Spit Poison.
  2723 | D:4      | 2723 ||| INVOKING Spit Poison.
  2730 | D:4      | 2730 ||| INVOKING Spit Poison.
  2736 | D:4      | 2736 ||| INVOKING Spit Poison.
  3056 | D:4      | 3056 ||| DROPPING ring of wizardry.
  3057 | D:4      | 3057 ||| UPGRADING to +6 ring of strength.
  3058 | D:4      | 3058 ||| READING scroll labelled MIL FILAOPTU.
  3059 | D:4      | 3059 ||| READING scroll labelled IPHOAN ZAMUCS.
  3060 | D:4      | 3060 ||| READING scroll labelled KEAVADUNUS.
  3061 | D:4      | 3061 ||| READING scroll labelled ZEIMISA YCUJ.
  3062 | D:4      | 3062 ||| DRINKING 2 fuming golden potions.
  3103 | D:4      | 3103 ||| DROPPING potion of lignification.
  3129 | D:5      | Entered Level 5 of the Dungeon
  3129 | D:5      | Found Afyir's Assorted Antiques.
  3130 | D:5      | 3130 ||| INVOKING Spit Poison.
  3132 | D:5      | 3132 ||| INVOKING Spit Poison.
  3136 | D:5      | 3136 ||| STAIRDANCE
  3138 | D:4      | 3138 ||| INVOKING Spit Poison.
  3138 | D:4      | HP: 14/57 [sleepcap (7)]
  3141 | D:4      | HP: 4/57 [hound (5)]
  3141 | D:4      | Mangled by an iguana

Levels and vault maps discovered:
D:1:      ncdulo_smallfort, layout_loops_ring
D:2:      layout_loops_ring, minmay_tripent
D:3:      layout_basic, grunt_temple_overflow_diamond,
          nicolae_ecumenical_snake_handling
D:4:      layout_cave_pods
D:5:      layout_loops_ring, zin_purify, minmay_temple_entry_glass,
          serial_shops, shop, shop, nicolae_shop_back_alley_shop,
          nicolae_shop_advertising_works [nicolae_subvault_shop_adworks],
          nicolae_inconvenience_store, minmay_fractal_squares_5

Skill      XL: |  1  2  3  4  5  6 |
---------------+-------------------+-----
Ranged Weapons | 4 5 6 |  6.1
Fighting       | 3 4 |  4.1
Dodging        | |  1.5
Stealth        | |  1.5

Action                     |  1- 3 |  4- 6 || total
---------------------------+-------+-------++-------
   Fire: Shortbow          |    61 |   106 ||   167
Ability: Spit Poison       |    25 |    37 ||    62
    Use: Scroll            |       |     9 ||     9
         Potion            |       |     1 ||     1
 Armour: Leather armour    |     6 |    11 ||    17
  Dodge: Dodged            |    13 |    29 ||    42

Table legend:
 A = Non-vault XP
 B = Vault XP
 C = Vault XP percentage of total XP
 D = Non-vault monster count
 E = Vault monster count
 F = Vault count percentage of total count
                 A         B        C        D         E       F
            +---------+---------+-------+---------+---------+-------
      Total |     464 |      44 |   8.7 |      76 |       7 |   8.4
            +---------+---------+-------+---------+---------+-------
        D:1 |      36 |       0 |   0.0 |      21 |       0 |   0.0
        D:2 |      50 |      15 |  23.1 |      14 |       2 |  12.5
        D:3 |      84 |      29 |  25.7 |      19 |       5 |  20.8
        D:4 |     214 |       0 |   0.0 |      21 |       0 |   0.0
        D:5 |      80 |       0 |   0.0 |       1 |       0 |   0.0
            +---------+---------+-------+---------+---------+-------
